Map: Imperio eterno EE

Players

MrFercho

  • Race: Zerg Zerg
  • League: Silver
  • Spawn Location: 1:00

MRist - Winner!

  • Race: Zerg Zerg
  • Spawn Location: 7:00

VOD

Have the link to the VOD?

Description

Time

  • Played on: May 29, 2020, 8:22 p.m.
  • Length: 3:20
Show
View Real Time Build Order
Export as new Build Order

MrFercho Zerg 

Build Orders: 3 Hatch before Pool 

Get SALT Encoding   

  12  0:02  Drone  
  13  0:15  Drone  
  14  0:40  Extractor  
  14  0:41  Extractor  
  12  0:43  Drone x2  
  16  1:04  Extractor  
  15  1:19  Hatchery  
  15  1:21  Hatchery  
  15  1:23  Drone  
  14  1:34  Spawning Pool  
  14  1:36  Drone  
  14  1:42  Extractor  
  14  1:44  Extractor  
  12  1:54  Drone x2  
  13  2:00  Overlord  
  14  2:19  Drone x2  
  16  2:28  Queen  
  18  2:32  Zergling x2  
  18  2:33  Zergling x2  
  10  2:51  Zergling x2  
Show
View Real Time Build Order
Export as new Build Order

MRist Zerg - Winner!

Build Orders: Pool Only 

Get SALT Encoding   

  12  0:21  Spawning Pool  
  11  0:27  Overlord  
  11  0:31  Drone  
  12  0:36  Drone  
  13  0:44  Drone  
  14  0:51  Extractor  
  13  1:08  Zergling x4  
  15  1:12  Zergling x2  
  15  1:16  Queen  
  18  1:36  Zergling x4  
  20  1:49  Zergling x2  
  21  2:03  Overlord  
  21  2:17  Overlord  
  21  2:21  Overlord, Queen  
Tags
 
Add a new tag
Caveats
  • Supply blocks, unpowered buildings, or Contaminate may cause inaccurate times.
  • Supply counts are checked every 10 seconds.